Map: Tourmaline LE

Players

LukaDragon

  • Race: Terran Terran
  • League: Gold
  • Spawn Location: 1:00

SCIInewby - Winner!

  • Race: Zerg Zerg
  • League: Master
  • Spawn Location: 7:00

VOD

Have the link to the VOD?

Description

Time

  • Played on: Feb. 6, 2026, 8:44 p.m.
  • Length: 4:01
Show
View Real Time Build Order
Export as new Build Order

LukaDragon Terran 

Build Orders:  

Get SALT Encoding   

  12  0:00  SCV  
  13  0:12  SCV  
  14  0:17  Supply Depot  
  14  0:24  SCV  
  15  0:39  SCV  
  15  0:40  Barracks  
  16  0:47  Refinery  
  16  0:51  SCV  
  17  1:03  SCV  
  18  1:28  Barracks Tech Lab  
  18  1:33  Barracks Reactor  
  18  1:35  Command Center  
  18  1:37  Orbital Command  
  18  1:50  Barracks  
  18  1:53  Refinery  
  18  2:10  Marine x2  
  20  2:16  Factory  
  20  2:18  SCV  
  20  2:33  Marine x2  
  20  2:50  Marine  
  21  3:07  Barracks Tech Lab  
  21  3:09  Factory Tech Lab  
  21  3:26  Supply Depot  
  21  3:30  Marine x3  
Show
View Real Time Build Order
Export as new Build Order

SCIInewby Zerg - Winner!

Build Orders: Pool First 

Get SALT Encoding   

  12  0:01  Drone  
  13  0:09  Drone  
  13  0:13  Extractor  
  13  0:17  Drone  
  15  0:22  Overlord  
  15  0:39  Spawning Pool  
  15  0:41  Drone  
  15  0:45  Drone  
  16  0:51  Extractor  
  16  0:52  Drone  
  16  1:15  Drone  
  16  1:16  Drone  
  18  1:25  Hatchery  
  17  1:28  Zergling x2  
  17  1:31  Zergling x2  
  19  1:38  Zergling x2  
  20  1:51  Metabolic Boost  
  20  1:53  Overlord  
  20  2:00  Drone  
  21  2:11  Queen  
  21  2:13  Zergling x2  
  23  2:38  Zergling x6  
  25  2:50  Zergling x4  
  26  2:54  Queen  
  30  3:03  Overlord  
  28  3:16  Roach Warren  
  28  3:17  Extractor  
  27  3:20  Zergling x4  
Tags
 
Matchup
TvZ
Opening
Pool First
Replay Pack
Multiplayer
Spawn Locations
Cross Positions
Add a new tag
Caveats
  • Supply blocks, unpowered buildings, or Contaminate may cause inaccurate times.
  • Supply counts are checked every 10 seconds.